 Dungeon Crawl Stone Soup version 0.20.0-7-g3b7b877 (webtiles) character file.

427 Hasart the Poker (level 6, -2/43 HPs)
             Began as an Octopode Fighter on May 30, 2017.
             Slain by an ice beast (14 damage)
             ... summoned by kraftydee's ghost
             ... on level 4 of the Dungeon.
             The game lasted 00:06:19 (3987 turns).

Hasart the Poker (Octopode Fighter)                 Turns: 3987, Time: 00:06:20

Health: -2/43      AC:  1    Str: 16    XL:     6   Next: 97%
Magic:  7/7        EV: 13    Int: 10    God:
Gold:   194        SH:  9    Dex: 13    Spells: 5/5 levels left

rFire    . . .     SeeInvis .   a - +0 trident
rCold    . . .     Gourm    .   b - +0 shield
rNeg     . . .     Faith    .   (helmet restricted)
rPois    .         Spirit   .   (no amulet)
rElec    .         Reflect  .   (no ring)
rCorr    .         Harm     .   (no ring)
MR       .....                  (no ring)
Stlth    ++........             (no ring)
Regen    0.2/turn               (no ring)
MPRegen  0.1/turn               (no ring)
                                (no ring)
                                (no ring)

@: no status effects
A: almost no armour, stealthy swim, amphibious, 8 rings, constrict 8, camouflage
1, gelatinous body 1
a: no special abilities


You were on level 4 of the Dungeon.
You were near starving.

You visited 1 branch of the dungeon, and saw 4 of its levels.

You collected 194 gold pieces.

Inventory:

Hand Weapons
 a - a +0 trident (weapon)
Armour
 b - a +0 shield (worn)
Jewellery
 g - an uncursed ring of flight {unknown}
Wands
 u - a wand of scattershot (3/9)
Scrolls
 e - 2 scrolls of remove curse {unknown}
 j - 2 scrolls of enchant weapon {unknown}
 m - 6 scrolls of identify {unknown}
 o - a scroll of noise {unknown}
 p - a scroll of fear {unknown}
 r - 2 scrolls of enchant armour {unknown}
 s - a scroll of blinking {unknown}
 x - a scroll of random uselessness {unknown}
Potions
 c - a potion of might
 f - a potion of degeneration {unknown}
 h - 2 potions of cancellation {unknown}
 i - 2 potions of curing {unknown}
 l - 4 potions of heal wounds {unknown}
 n - 4 potions of lignification {unknown}
 t - a potion of mutation {unknown}
 v - a potion of brilliance {unknown}
Comestibles
 d - 6 bread rations
 k - 2 royal jellies
 q - 2 meat rations
 w - a fruit


   Skills:
 + Level 4.0 Fighting
 * Level 4.5 Polearms
 + Level 4.2 Dodging
 + Level 4.3 Shields
 + Level 1.9 Evocations


You had 5 spell levels left.
You didn't know any spells.

Dungeon Overview and Level Annotations

Branches:
Dungeon (4/15)
 Temple: D:4-7

Altars:
Makhleb
Nemelex Xobeh

Annotations:
D:4 kraftydee's ghost, novice GrIE


Innate Abilities, Weirdness & Mutations

You cannot wear most types of armour.
You are very stealthy in the water. (Stealth+)
You are amphibious.
You can wear up to eight rings at the same time.
You can use your tentacles to constrict eight enemies at once.
Your skin changes colour to match your surroundings (Stealth+).
Your rubbery body absorbs attacks. (AC +1, EV +1)


Message History

Attack whom?
Press: ? - help, Dir - move target cursor, f - Natasha
Aim: Natasha You reach to attack!
You puncture Natasha!
Natasha is heavily wounded.
The white imp barely misses you.
You closely miss Natasha. Your grab misses Natasha.
Natasha is heavily wounded.
You block Natasha's attack. The white imp hits you. The white imp freezes you.
Natasha misses you.
You puncture Natasha!
You kill Natasha!
Natasha screams in pain as she dies!
The white imp disappears in a puff of smoke!
The ice beast hits you. The ice beast freezes you!
Unknown command.
You block the ice beast's attack. The ice beast hits you.
* * * LOW HITPOINT WARNING * * *
The ice beast freezes you!
You die...

..............#'### ###.....#..
..............#...# #.....#..
..............#...# #.....#..
......(.......#...# #.....'..
..............#'#########.....#..
#######'###......###.#....(..##..
..........#......'...'.......#...
..........#....Y§#...#.......#...
..........#...WY@#...#.......#...
#########+#....Y.#...#...>...####
##...##......#####...#...........
+.....#......#.......#...........
#.....#......#.......#...........
#.....'......#.......#...........
#####'#......#########...........
.............#.......#.....###'#.
.............#.......#.....#...#.


You could see 3 ice beasts and kraftydee's ghost.

Vanquished Creatures
  An ogre (D:4)
  A scorpion (D:4)
  An orc priest (D:3)
  Terence (D:3)
  Natasha (twice) (D:4)
  A worker ant (D:4)
  4 adders
  3 gnolls (D:3)
  2 oozes
  A dart slug (D:2)
  3 leopard geckos
  7 orcs (D:3)
  6 bats
  2 giant cockroaches (D:4)
  6 goblins
  8 hobgoblins
  17 jackals
  5 quokkas
  3 ball pythons
  A frilled lizard (D:2)
  5 kobolds
  2 rats (D:3)
82 creatures vanquished.

Vanquished Creatures (others)
  A plant (D:3)
1 creature vanquished.

Grand Total: 83 creatures vanquished

Notes
Turn   | Place    | Note
-------+----------+-------------------------------------------
     0 | D:1      | Hasart the Octopode Fighter began the quest for the Orb.
     0 | D:1      | Reached XP level 1. HP: 16/16 MP: 1/1
   177 | D:1      | Reached XP level 2. HP: 21/21 MP: 2/2
  1202 | D:2      | Reached XP level 3. HP: 26/26 MP: 3/3
  1839 | D:3      | Reached XP level 4. HP: 31/31 MP: 4/4
  2161 | D:3      | Noticed Terence
  2168 | D:3      | Killed Terence
  2168 | D:3      | Reached XP level 5. HP: 21/36 MP: 5/5
  3078 | D:4      | Found a sparkling altar of Nemelex Xobeh.
  3165 | D:4      | Found a burning altar of Makhleb.
  3204 | D:4      | Reached skill level 1 in Evocations
  3397 | D:4      | Reached XP level 6. HP: 30/43 MP: 6/6
  3870 | D:4      | Noticed Natasha
  3878 | D:4      | Killed Natasha
  3967 | D:4      | Noticed kraftydee's ghost (novice GrIE)
  3971 | D:4      | Noticed Natasha
  3974 | D:4      | Noticed an ice beast
  3976 | D:4      | Noticed an ice beast
  3978 | D:4      | Noticed an ice beast
  3986 | D:4      | Killed Natasha
  3987 | D:4      | Slain by an ice beast

Skill      XL: |  1  2  3  4  5  6 |
---------------+-------------------+-----
Polearms       | 3 4 |  4.5
Shields        | 4 |  4.3
Evocations     | 1 |  1.9
Fighting       | 4 |  4.0
Dodging        | 4 |  4.2

Action                   |  1- 3 |  4- 6 || total
-------------------------+-------+-------++-------
Melee: Trident           |    66 |   122 ||   188
       Constrict         |    19 |    28 ||    47
       Tentacles         |    11 |    26 ||    37
Evoke: Wand              |       |     1 ||     1
 Stab: Sleeping          |     3 |     3 ||     6
  Eat: Chunk             |     3 |     5 ||     8
Armor: Skin              |     5 |     5 ||    10
Dodge: Dodged            |    28 |    65 ||    93
Block: Shield            |    25 |    55 ||    80
